 Dungeon Crawl Stone Soup version 0.14-a0-405-gb95792f (webtiles) character file.

296 PolkaDot the Ruinous (level 4, -6/28 HPs)
             Began as a Vampire Wizard on Oct 27, 2013.
             Mangled by an ogre
             ... wielding a +0,+0 giant club
              (14 damage)
             ... on Level 4 of the Dungeon.
             The game lasted 00:14:29 (2654 turns).

PolkaDot the Ruinous (Vampire Wizard)               Turns: 2654, Time: 00:14:29

HP  -6/28        AC  4     Str 11      XL: 4   Next: 98%
MP   1/12        EV 12     Int 21      God:
Gold 160         SH  0     Dex  8 (12) Spells:  3 memorised,  2 levels left

Res.Fire  : + . .   See Invis. : +   d - +0,+1 short sword
Res.Cold  : x . .   Warding    : .   a - +0 robe
Life Prot.: . . .   Conserve   : .   (no shield)
Res.Poison: .       Res.Corr.  : .   b - +2 wizard hat
Res.Elec. : .       Clarity    : .   (no cloak)
Sust.Abil.: . .     Spirit.Shd : .   (no gloves)
Res.Mut.  : .       Stasis     : .   (no boots)
Res.Rott. : .       Flight     : .   (no amulet)
Saprovore : . . .                    (no ring)
                                     j - ring of fire

@: regenerating quickly, mighty, very slightly contaminated, slightly resistant
to hostile enchantments, fairly stealthy
A: fangs 3, see invisible, unbreathing
a: no special abilities


You were on level 4 of the Dungeon.
You were very full.

You visited 1 branch of the dungeon, and saw 4 of its levels.

You collected 140 gold pieces.

Inventory:

Hand weapons
 d - a +0,+1 short sword (weapon)
Armour
 a - a +0 robe (worn)
 b - a +2 wizard hat (worn)
Scrolls
 e - a scroll of identify {unknown}
 h - a scroll of enchant armour
Jewellery
 i - an uncursed ring of ice
 j - a ring of fire (left hand)
Potions
 f - a potion of restore abilities
 g - 3 potions of heal wounds
 m - a potion of might
Books
 c - a book of Minor Magic

   Spells                             Type                      Level
   *Magic Dart                        Conjuration                  1
   Blink                              Translocation                2
   Call Imp                           Summoning                    2
   Repel Missiles                     Charms/Air                   2
   Slow                               Hexes                        2
   *Conjure Flame                     Conjuration/Fire             3
   *Mephitic Cloud                    Conjuration/Poison/Air       3


   Skills:
 - Level 2.1 Dodging
 - Level 3.0 Stealth
 - Level 3.0 Spellcasting
 * Level 3.6 Conjurations
   Level 1.0 Summonings
   Level 0.7 Translocations


You had 2 spell levels left.
You knew the following spells:

 Your Spells              Type           Power        Failure   Level  Hunger
a - Magic Dart            Conj           ###.         3%          1    None
d - Mephitic Cloud        Conj/Pois/Air  #.......     30%         3    ###....
s - Conjure Flame         Conj/Fire      ###.....     21%         3    ###....


Dungeon Overview and Level Annotations

Branches:
Dungeon (4/27)
 Temple: D:4-7

Altars:

Shops:
D:4 *=+

Annotations:
D:3 Zurvan's ghost, average LOFi


Innate Abilities, Weirdness & Mutations

Your natural rate of healing is unusually fast.
You have razor-sharp teeth.*
You have supernaturally acute eyesight.
You can survive without breathing.*


Message History

The ogre is heavily wounded.
Casting: Magic Dart
Confirm with . or Enter, or press ? or * to list all spells.
Aiming: Magic Dart
Press: ? - help, Shift-Dir - straight line, f/p - ogre
Aim: an ogre, wielding a giant club (heavily wounded)
The magic dart hits the ogre.
The ogre is heavily wounded.
You hit the ogre.
The ogre is severely wounded.
The ogre hits you with a giant club!
Ouch! That really hurt!
* * * LOW HITPOINT WARNING * * *
You hit the ogre.
The ogre is almost dead.
You barely miss the ogre.
The ogre is almost dead.
The ogre hits you with a giant club!
Ouch! That really hurt!
You die...

#......########..##.#
#......########....>#
#....8...........##.#
#......##.........#.#
#.......+.........#.#
#.......#.........#.#
#.......#....#...##.#
###+#+#.####.#...##.#
#.....O@.#...##.#
#.#.######...# .
#.... ....# .......
...## .......### ....
....... . .....O#
.....# ...


You could see an ogre.

Vanquished Creatures
  A hound (D:4)
  A worker ant (D:4)
  An adder (D:2)
  A giant eyeball (D:4)
  A giant gecko (D:2)
  2 oozes
  An orc (D:3)
  2 ball pythons
  10 bats
  4 giant cockroaches
  9 hobgoblins
  3 jackals (D:1)
  A quokka (D:3)
  2 giant newts
  8 goblins
  9 kobolds
  6 rats
62 creatures vanquished.

Vanquished Creatures (others)
  A kobold (D:2)
1 creature vanquished.

Grand Total: 63 creatures vanquished

Notes
Turn   | Place    | Note
--------------------------------------------------------------
     0 | D:1      | PolkaDot, the Vampire Wizard, began the quest for the Orb.
     0 | D:1      | Reached XP level 1. HP: 11/11 MP: 6/6
   141 | D:1      | Reached skill level 1 in Conjurations
   299 | D:1      | Reached XP level 2. HP: 17/17 MP: 2/8
  1245 | D:2      | Reached XP level 3. HP: 22/22 MP: 10/10
  1822 | D:2      | Learned a level 3 spell: Conjure Flame
  1826 | D:2      | Learned a level 3 spell: Mephitic Cloud
  2196 | D:3      | Reached XP level 4. HP: 5/28 MP: 1/12
  2380 | D:3      | Noticed Zurvan's ghost (average LOFi)
  2507 | D:4      | Found Smunoujahu's Book Boutique.
  2507 | D:4      | Found Suuty's Assorted Antiques.
  2508 | D:4      | Noticed an ogre
  2510 | D:4      | Found Pnuhedwidic's Jewellery Shoppe.
  2654 | D:4      | Mangled by an ogre

Action                   |  1- 3 |  4- 6 || total
-------------------------+-------+-------++-------
Melee: Short sword       |    94 |    26 ||   120
 Cast: Magic Dart        |    90 |    18 ||   108
       Conjure Flame     |       |     2 ||     2
  Use: Potion            |     1 |     4 ||     5
       Scroll            |     9 |     3 ||    12
 Stab: Sleeping          |     5 |     2 ||     7
